 Dungeon Crawl Stone Soup version 0.21.1-74-g47da925 (webtiles) character file.

3228 taaruk the Protected (level 9, -5/63 HPs)
             Began as a Minotaur Berserker on Aug 6, 2018.
             Was an Elder of Trog.
             Killed from afar by a lich (47 damage)
             ... with an iron shot
             ... on level 1 of the Abyss.
             The game lasted 00:35:43 (6455 turns).

taaruk the Protected (Minotaur Berserker)           Turns: 6455, Time: 00:35:44

Health: -5/63      AC:  7    Str: 25      XL:     9   Next: 66%
Magic:  8/8        EV: 10    Int:  3 (4)  God:    Trog [****..]
Gold:   285        SH:  0    Dex: 12      Spells: 8/8 levels left

rFire    + . .     SeeInvis .   x - +3 hand axe (venom)
rCold    . . .     Gourm    .   (no shield)
rNeg     . . .     Faith    .   g - +0 chain mail
rPois    .         Spirit   .   (helmet restricted)
rElec    .         Reflect  .   (no cloak)
rCorr    .         Harm     .   (no gloves)
MR       .....                  (no boots)
Stlth    ..........             e - amulet of magic regeneration
HPRegen  0.20/turn              t - ring of protection from fire
MPRegen  0.36/turn              (no ring)

@: no status effects
A: retaliatory headbutt, horns 2, agile 1, [deformed body], [deterioration 2],
[frail 2], screaming 1
a: Berserk, Trog's Hand, Brothers in Arms, Burn Spellbooks, Renounce Religion


You were on level 1 of the Abyss.
You worshipped Trog.
Trog was greatly pleased with you.
You were hungry.

You visited 1 branch of the dungeon, and saw 8 of its levels.
You visited the Abyss 1 time.

You collected 402 gold pieces.
You spent 117 gold pieces at shops.

Inventory:

Hand Weapons
 a - a +0 spear
 i - a +0 mace
 x - a +3 hand axe of venom (weapon)
 C - a +2 scythe of slicing
 D - a +4 battleaxe
 G - a +0 shortbow
 H - a +0 halberd
Armour
 b - a +0 animal skin
 g - a +0 chain mail (worn)
 J - the +7 chain mail "Oho Lal" {rF+, unknown}
   (You found it on level 1 of the Abyss)

   It protects you from fire.
Jewellery
 e - an amulet of magic regeneration (around neck)
 t - a ring of protection from fire (left hand)
Wands
 d - a wand of disintegration (23)
 E - a wand of acid (11)
 F - a wand of paralysis (12)
Scrolls
 j - 3 scrolls of noise {unknown}
 k - 9 scrolls of identify
 l - a scroll of fear {unknown}
 m - 2 scrolls of random uselessness {unknown}
 v - 4 scrolls of blinking {unknown}
 w - 3 scrolls of remove curse {unknown}
 y - 3 scrolls of teleportation {unknown}
 A - a scroll of enchant armour {unknown}
 I - a scroll of enchant weapon {unknown}
Potions
 f - 2 potions of degeneration {unknown}
 h - 5 potions of haste {unknown}
 n - a potion of heal wounds {unknown}
 o - a potion of might
 p - 4 potions of lignification
 q - a potion of brilliance {unknown}
 r - a potion of resistance {unknown}
 s - 2 potions of mutation {unknown}
 u - 2 potions of agility {unknown}
 z - 3 potions of curing
Books
 B - a book of Maledictions

   Spells                             Type                      Level
   a - Corona                         Hexes                        1
   b - Ensorcelled Hibernation        Hexes/Ice                    2
   c - Confuse                        Hexes                        3
   d - Tukima's Dance                 Hexes                        3
   e - Dazzling Spray                 Conjuration/Hexes            3
   Trog disapproves of the use of such an item.
Comestibles
 c - 17 rations


   Skills:
 + Level 7.4 Fighting
 + Level 6.9(9.1) Axes
 + Level 7.9(9.1) Maces & Flails
 + Level 4.3(6.2) Polearms
 + Level 9.7 Armour
 + Level 4.0 Dodging
 + Level 0.8 Stealth


You had 8 spell levels left.
You didn't know any spells.

Dungeon Overview and Level Annotations

Branches:
Dungeon (8/15)             Temple (0/1) D:6
   Lair: D:8-11

Altars:
Ashenzari
Dithmenos
Hepliaklqana
Kikubaaqudgha
Nemelex Xobeh
Qazlal
Ru
Uskayaw
Vehumet
Zin
The Shining One

Shops:
D:4 !   D:8 [

Annotations:
D:4 Lithey's ghost, amateur DrCK
D:8 Psyche


Innate Abilities, Weirdness & Mutations

You reflexively headbutt those who attack you in melee.
You have a pair of horns on your head.
You are agile. (Dex +2)
You occasionally shout uncontrollably at your foes.
[Armour fits poorly on your strangely shaped body.]
[Your body often deteriorates upon taking damage.]
[You are very frail. (-20% HP)]


Message History

The wretched star pulses with an eldritch light!
You feel frail. x2
The fire giant skeleton barely misses you.
The lich gestures wildly while chanting.
The lich flickers and vanishes!
Deactivating autopickup; reactivate with Ctrl-A.
Found a scroll of amnesia.
You barely miss the wretched star.
You headbutt the wretched star, but do no damage.
The fire giant skeleton hits you!
You see here a scroll labeled KEH PA JUECK.
The wretched star pulses with an eldritch light!
Your body twists and deforms.
A white imp comes into view.
The white imp shouts, "Crawl home, thou pribbling beef-witted cow!"
You hear some strange, mumbled words.
An iron shot appears from out of thin air!
The iron shot hits you!
Ouch! That really hurt!
You die...

##.# # #ยง.# #...#
.##.#.## .....##......##
#..............
.............5. .##
.###.............?
#.###.#............... #
. # ........@....... ..
.. #..............
....##....##*.....## .
..2....#....##?Z....##
....... ##.....2........
........................
.... ##.#..............
...#.. #................
#... .#.#..............


You could see a cacodemon, a wretched star, a white imp and a fire giant
skeleton.

Vanquished Creatures
  Maurice (D:8)
  The ghost of lux767 the Conjurer, a novice DrCj (D:5)
  A hornet (D:8)
  A spriggan (D:8)
  Sigmund (D:6)
  A sky beast (D:7)
  A black bear (D:7)
  An ice beast (D:5)
  A phantom (D:5)
  2 ogres
  3 centaurs
  A bullfrog (D:8)
  A scorpion (D:8)
  3 wights (D:7)
  7 crimson imps
  A bullfrog zombie (D:8)
  2 bullfrog skeletons
  3 hounds
  A jelly (D:7)
  2 centaur skeletons
  An iguana (D:6)
  3 orc wizards
  7 worker ants
  A gnoll (D:1)
  14 adders
  A shadow imp (D:8)
  2 oozes (D:3)
  An adder zombie (D:5)
  2 adder skeletons
  5 worms
  2 dart slugs
  5 leopard geckos
  9 orcs
  A ball python (D:1)
  8 bats
  21 giant cockroaches
  7 goblins
  8 hobgoblins
  4 jackals (D:1)
  5 quokkas
  7 frilled lizards
  6 kobolds
  2 leopard gecko skeletons (D:6)
  A quokka skeleton (D:6)
  5 rats
163 creatures vanquished.

Notes
Turn   | Place    | Note
-------+----------+-------------------------------------------
     0 | D:1      | taaruk the Minotaur Berserker began the quest for the Orb.
     0 | D:1      | Reached XP level 1. HP: 19/19 MP: 0/0
    43 | D:1      | Reached XP level 2. HP: 10/27 MP: 1/1
   305 | D:1      | Found a sparkling altar of Nemelex Xobeh.
   525 | D:1      | Reached XP level 3. HP: 16/33 MP: 2/2
   571 | D:1      | Reached skill level 3 in Armour
   572 | D:1      | Reached ** piety under Trog
  1034 | D:2      | Reached XP level 4. HP: 40/41 MP: 3/3
  1052 | D:2      | Reached skill level 1 in Maces & Flails
  1436 | D:3      | Reached *** piety under Trog
  1555 | D:3      | Found a shadowy altar of Dithmenos.
  1591 | D:3      | Reached XP level 5. HP: 47/47 MP: 4/4
  1820 | D:3      | Found a radiant altar of Vehumet.
  2172 | D:4      | Noticed an ogre
  2198 | D:3      | Killed an ogre
  2198 | D:3      | Reached skill level 5 in Fighting
  2198 | D:3      | Reached skill level 4 in Armour
  2198 | D:3      | Reached XP level 6. HP: 24/56 MP: 5/5
  2256 | D:4      | Found Zokhloghu's Distillery.
  2272 | D:4      | Bought a potion of curing for 39 gold pieces
  2272 | D:4      | Bought a potion of curing for 39 gold pieces
  2272 | D:4      | Bought a potion of curing for 39 gold pieces
  2336 | D:4      | Noticed Lithey's ghost (amateur DrCK)
  2346 | D:4      | Found a shattered altar of Ashenzari.
  2354 | D:4      | Found a glowing silver altar of Zin.
  2354 | D:4      | Found a hide-covered altar of Uskayaw.
  2649 | D:5      | Entered Level 5 of the Dungeon
  2686 | D:5      | Noticed lux767's ghost (novice DrCj)
  2707 | D:5      | Killed lux767's ghost
  2707 | D:5      | Reached XP level 7. HP: 27/62 MP: 6/6
  2975 | D:5      | Reached skill level 5 in Armour
  3013 | D:5      | Reached **** piety under Trog
  3624 | D:5      | Found a sacrificial altar of Ru.
  3874 | D:6      | Found a staircase to the Ecumenical Temple.
  3911 | D:6      | Received a gift from Trog
  3931 | D:6      | Reached XP level 8. HP: 70/70 MP: 7/7
  4074 | D:6      | Found a glowing golden altar of the Shining One.
  4094 | D:6      | Noticed Sigmund
  4100 | D:6      | Killed Sigmund
  4100 | D:6      | Received a gift from Trog
  4100 | D:6      | Reached skill level 1 in Axes
  4100 | D:6      | Reached skill level 6 in Armour
  4838 | D:7      | Reached skill level 7 in Armour
  5238 | D:7      | Reached XP level 9. HP: 60/78 MP: 8/8
  5242 | D:7      | Reached skill level 5 in Axes
  5453 | D:7      | Got a transparent robe
  5563 | D:8      | Found an ancient bone altar of Kikubaaqudgha.
  5591 | D:8      | Found Uxypeit's Armour Shop.
  5597 | D:8      | Noticed Maurice
  5610 | D:8      | Killed Maurice
  5610 | D:8      | Reached skill level 8 in Armour
  5794 | D:8      | Reached skill level 9 in Armour
  5797 | D:8      | Upgraded the game from 0.21.1-72-gffa868e to 0.21.1-74-g47da925
  5823 | D:8      | Found a stormy altar of Qazlal.
  6014 | D:8      | Found a hazy altar of Hepliaklqana.
  6354 | D:8      | Noticed Psyche
  6384 | D:8      | Cast into level 1 of the Abyss (Psyche)
  6397 | Abyss:1  | Got a faintly humming chain mail
  6434 | Abyss:1  | Noticed a lich
  6435 | Abyss:1  | Noticed a cacodemon
  6437 | Abyss:1  | Gained mutation: You are agile. (Dex +2) [a cacodemon]
  6442 | Abyss:1  | Noticed a blizzard demon
  6442 | Abyss:1  | Gained mutation: You occasionally shout uncontrollably at your foes. [a cacodemon]
  6443 | Abyss:1  | Noticed a wretched star
  6455 | Abyss:1  | Killed from afar by a lich

Skill      XL: |  1  2  3  4  5  6  7  8  9 |
---------------+----------------------------+-----
Fighting       | 4 5 6 7 |  7.4
Polearms       | 4 |  4.3
Armour         | 3 4 5 7 9 |  9.7
Maces & Flails | 2 4 6 7 |  7.9
Dodging        | 3 4 |  4.0
Axes           | 4 6 |  6.9
Stealth        | |  0.8

Action                   |  1- 3 |  4- 6 |  7- 9 || total
-------------------------+-------+-------+-------++-------
Melee: Spear             |    20 |       |       ||    20
       Headbutt          |    14 |    26 |    46 ||    86
       Mace              |    73 |   160 |    65 ||   298
       Hand axe          |       |       |   142 ||   142
Invok: Berserk           |       |     1 |     1 ||     2
       Trog's Hand       |       |     1 |     1 ||     2
  Use: Scroll            |     2 |     1 |     1 ||     4
       Potion            |       |     1 |       ||     1
  Eat: Chunk             |     1 |     5 |     4 ||    10
       Ration            |       |       |     3 ||     3
Armor: Animal skin       |     4 |       |       ||     4
       Chain mail        |    53 |    80 |   116 ||   249
       Skin              |       |     2 |       ||     2
Dodge: Dodged            |    50 |    77 |    92 ||   219
